AoeStats
← lo

Hideout

509586852Analyzed
1v1 RM · 6d ago on Sep 27, 2026· 32m 37s· 2 players
Game mode
Random Map
Map size
Tiny (2 player)
Population
200
Speed
Normal
Resources
Standard
Victory
Conquest
Starting age
Dark Age
Ending age
Imperial Age
RankedLock teamsTeams togetherTeam positionsShared explorationLock speedFull tech treeHidden civsTurbo modeCheats
Victory
Defeat
🇧🇾 Khmer · Belarus
727
+14
🇩🇪 Maya · Germany
693
-14
hishighness
0:28 Loom
14:17 Feudal Age
15:02 Gold Mining
14:56 Horse Collar
15:05 Double-Bit Axe
16:27 Forging
16:17 Scale Mail Armor
20:37 Castle Age
19:30 Forging
20:46 Eagle Warrior
21:31 Squires
21:38 Scale Mail Armor
23:56 Iron Casting
23:36 Chain Mail Armor
24:46 Chain Mail Armor
lo
10:56 Feudal Age
15:48 Castle Age
13:55 Horse Collar
14:54 Double-Bit Axe
18:03 Wheelbarrow
23:19 Scale Mail Armor
24:04 Scale Barding Armor
25:10 Forging
25:24 Fletching
29:26 Iron Casting
28:47 Bodkin Arrow
33:01 Chain Barding Armor
32:56 Chain Mail Armor
32:56 Heavy Plow
33:09 Bow Saw
Connection lost

Rejoining the realm…

Still unreachable

The connection could not be restored.

Session expired

The server has moved on; the page needs a fresh start.